 Dungeon Crawl Stone Soup version 0.30-a0-802-gb92711bcdf (webtiles) character file.

Game seed: 1643845209134211493

4706 dolemite99 the Ducker (level 10, 0/70 HPs)
             Began as a Djinni Necromancer on Feb 24, 2023.
             Was an Elder of Wu Jian.
             Slain by a centaur zombie (2 damage)
             ... on level 9 of the Dungeon.
             The game lasted 00:19:54 (11576 turns).

dolemite99 the Ducker (Djinni Necromancer)         Turns: 11576, Time: 00:19:55

Health: 0/70       AC:  7    Str:  9    XL:     10   Next: 73%
Gold:   363        EV: 14    Int: 20    God:    Wu Jian [****..] SH:  5 Dex: 13

rFire   + + .      SeeInvis +    a - +3 dagger (venom)
rCold   x . .      Faith    .    B - +0 buckler
rNeg    . . .      Spirit   .    C - +1 leather armour {Will+}
rPois   ∞          Reflect  .    (no helmet)
rElec   .          Harm     .    p - +1 cloak
rCorr   .          Rampage  .    f - +0 pair of gloves
Will    ++...                    (boots unavailable)
Stlth   ++                       (no amulet)
HPRegen 0.31/turn                (no ring)
MPRegen 0.00/turn                (no ring)

@: about to teleport, immotile, flying
A: sickness immunity, fire resistance 2, cold vulnerability 1, float, innate
caster, HP casting, extra vitality 1, see invisible, screaming 1, subdued magic
1
a: Renounce Religion, Wall Jump, Serpent's Lash


You were on level 9 of the Dungeon.
You worshipped Wu Jian.
Wu Jian was greatly pleased with you.
You visited 1 branch of the dungeon, and saw 9 of its levels.

You collected 363 gold pieces.

Inventory:

Hand Weapons
 a - a +3 dagger of venom (weapon)
 e - a +1 dire flail of protection
 h - a +0 heavy short sword
 q - a +0 glaive
 r - a +0 halberd
 s - a +0 flail
 A - a +0 sling
 E - a +1 scimitar of flaming
Missiles
 n - 5 boomerangs (quivered)
 H - 5 silver javelins
 I - 26 poisoned darts
 J - 3 javelins
 K - 5 boomerangs of dispersal
Armour
 f - a +0 pair of gloves (worn)
 p - a +1 cloak (worn)
 u - a +0 troll leather armour
 v - a +0 robe
 B - a +0 buckler (worn)
 C - a +1 leather armour of willpower (worn)
 F - +0 steam dragon scales
Jewellery
 o - an amulet of guardian spirit
Wands
 j - a wand of polymorph (5)
 D - a wand of flame (12)
Scrolls
 d - 2 scrolls of noise
 i - a scroll of fear
 l - 2 scrolls of immolation
 m - 4 scrolls of teleportation
 y - a scroll of summoning
 z - a scroll of silence
 G - a scroll of blinking
Potions
 b - a potion of lignification {unknown}
 c - a potion of flight {unknown}
 k - 2 potions of haste {unknown}
 t - 2 potions of attraction
 w - a potion of might {unknown}
 x - a potion of ambrosia {unknown}


   Skills:
 + Level 5.5 Fighting
 - Level 6.0 Short Blades
 - Level 7.7 Dodging
 - Level 1.5 Stealth
 - Level 6.9 Shields
 + Level 6.4 Spellcasting


You knew the following spells:

 Your Spells              Type           Power      Damage    Failure   Level
a - Necrotise             Necr           96%        1d8       1%          1
b - Vampiric Draining     Necr           24%        2d7       2%          3
c - Animate Dead          Necr           24%        N/A       10%         4
d - Olgreb's Toxic Radia  Pois           24%        N/A       10%         4
e - Kiss of Death         Conj/Necr      96%        2d12      1%          1
f - Momentum Strike       Conj/Tloc      48%        3d9       1%          2
g - Blink                 Tloc           48%        N/A       1%          2
h - Agony                 Necr           24%        N/A       30%         5
Your spell library was empty.

Dungeon Overview and Level Annotations

Branches:
Dungeon (9/15)             Temple (0/1) D:7            Lair (0/5) D:8
    Orc: D:9-12

Altars:
Elyvilon
Fedhas
Gozag
Hepliaklqana
Makhleb
Qazlal
Ru
Wu Jian
The Shining One

Annotations:
D:5 Pikel
D:8 3 runed translucent doors, mistaj's ghost, novice HOFi


Innate Abilities, Weirdness & Mutations

You are immune to sickness and miasma.
You are immune to poison.
Your flesh is very heat resistant. (rF++)
You are vulnerable to cold. (rC-)
You float through the air rather than walking.
You learn spells naturally, not from books.
Your magical power is your life essence.
You have superior vitality. (+4 MHP)
You have supernaturally acute eyesight. (SInv)
You occasionally shout uncontrollably at your foes.
Your spells are a little easier to cast, but a little less powerful.


Message History

You hit the unseen horror zombie.
The unseen horror zombie is heavily damaged.
You are no longer robbed of momentum.
The unseen horror zombie hits you but does no damage.
The unseen horror zombie hits you.
* * * LOW HITPOINT WARNING * * *
You block the centaur zombie's attack. The centaur zombie closely misses you.
You hit the unseen horror zombie.
The unseen horror zombie is heavily damaged.
The unseen horror zombie misses you.
A wight comes into view. It is wielding a +3 dire flail.
You block the unseen horror zombie's attack.
The centaur zombie hits you.
* * * LOW HITPOINT WARNING * * *
The centaur zombie misses you.
Casting: Momentum Strike (safe; 1% risk of failure)
Confirm with . or Enter, or press ? or * to list all spells.
Aiming: Momentum Strike (safe; 1% risk of failure)
Press: ? - help, Dir - move target, f/p - unseen horror zombie
Aim: an unseen horror zombie (heavily damaged, 91% to hit)
The concentrated momentum hits the unseen horror zombie!
The unseen horror zombie is severely damaged.
You are unable to move.
* * * LOW HITPOINT WARNING * * *
The unseen horror zombie completely misses you.
The unseen horror zombie hits you.
* * * LOW HITPOINT WARNING * * *
The centaur zombie hits you.
* * * LOW HITPOINT WARNING * * *
The centaur zombie misses you. The unseen horror zombie hits you.
* * * LOW HITPOINT WARNING * * *
Okay, then.
Okay, then.
As you read the scroll of teleportation, it crumbles to dust.
You feel strangely unstable. The unseen horror zombie hits you.
* * * LOW HITPOINT WARNING * * *
The unseen horror zombie closely misses you.
The centaur zombie hits you but does no damage.
The centaur zombie kicks you.
You die...

### #># #.###
########' #...#
#........
#.#.###.)......
#.#.......z....
#.....[........
#....).........
#.(Z@..#######.
#.PZ...#
#...P.†#
##..##.#
##....###
###..#.. ##.#.#
########.#.#
.........#.#


You could see a wight, a centaur zombie and an unseen horror zombie.

Vanquished Creatures
  Maggie (D:6)
  A troll (D:9)
  Sigmund (D:4)
  4 yaks (D:6)
  A steam dragon (D:6)
  Menkaure (D:4)
  An acid dragon (D:8)
  Edmund (D:4)
  3 wargs
  3 water moccasins
  2 orc warriors (D:7)
  A black bear (D:7)
  A centaur (D:8)
  2 ogres
  A lemure (D:5)
  2 phantoms (D:5)
  2 kobold brigands (D:8)
  A bullfrog (D:8)
  5 scorpions
  4 necrophages
  A howler monkey (D:6)
  A jelly (D:7)
  2 hounds
  5 iguanas
  7 orc priests
  8 orc wizards
  A hell rat (D:5)
  Robin (D:4)
  3 gnolls (D:3)
  3 river rats (D:5)
  3 adders
  A shadow imp (D:6)
  A white imp (D:7)
  4 worms
  6 dart slugs
  22 orcs
  3 ball pythons
  A bat skeleton (D:5)
  A bat zombie (D:5)
  4 endoplasms
  5 giant cockroaches
  21 goblins
  8 hobgoblins
  5 jackals (D:1)
  A quokka (D:4)
  6 bats
  2 goblin skeletons (D:6)
  12 kobolds
  3 kobold skeletons (D:6)
  A kobold zombie (D:6)
  2 orc zombies (D:6)
  3 rats
185 creatures vanquished.

Vanquished Creatures (collateral kills)
  2 dart slugs
  2 goblins
  A kobold (D:8)
5 creatures vanquished.

Vanquished Creatures (others)
  A warg zombie (D:8)
  A kobold zombie (D:8)
  An orc zombie (D:8)
  2 fungi (D:8)
  2 plants (D:8)
  A withered plant (D:9)
8 creatures vanquished.

Grand Total: 198 creatures vanquished

Notes
Turn   | Place    | Note
-------+----------+-------------------------------------------
     0 | D:1      | dolemite99 the Djinni Necromancer began the quest for the
                  | Orb.
     0 | D:1      | dolemite99 set off with the following spells memorised:
                  | Necrotise, Vampiric Draining, Animate Dead, Agony.
     0 | D:1      | Reached XP level 1. HP: 15/15 MP: 0/0
   240 | D:1      | Reached XP level 2. HP: 10/21 MP: 0/0
   635 | D:1      | Reached XP level 3. HP: 24/25 MP: 0/0
   635 | D:1      | Learned a level 1 spell: Kiss of Death
  1065 | D:2      | Found a faded altar of an unknown god.
  1069 | D:2      | Reached XP level 4. HP: 29/31 MP: 0/0
  1076 | D:2      | Prayed at the altar of an unknown god.
  1076 | D:2      | Became a worshipper of the Wu Jian Council
  1076 | D:2      | Reached * piety under Wu Jian
  1951 | D:3      | Noticed a scorpion
  1957 | D:3      | Killed a scorpion
  1958 | D:3      | Reached skill level 5 in Spellcasting
  1958 | D:3      | Reached XP level 5. HP: 35/35 MP: 0/0
  1958 | D:3      | Learned a level 2 spell: Momentum Strike
  2113 | D:3      | Reached XP level 6. HP: 13/40 MP: 0/0
  2773 | D:4      | Noticed Menkaure
  2783 | D:4      | Killed Menkaure
  2837 | D:4      | Reached ** piety under Wu Jian
  3069 | D:4      | Noticed Edmund
  3078 | D:4      | Killed Edmund
  3079 | D:4      | Reached XP level 7. HP: 47/50 MP: 0/0
  3079 | D:4      | Learned a level 2 spell: Blink
  3150 | D:4      | Found a hazy altar of Hepliaklqana.
  3165 | D:4      | Noticed Robin
  3170 | D:4      | Found a stormy altar of Qazlal.
  3200 | D:4      | Killed Robin
  3629 | D:4      | Noticed Sigmund
  3634 | D:4      | Killed Sigmund
  3749 | D:5      | Entered Level 5 of the Dungeon
  3797 | D:5      | Reached XP level 8. HP: 58/58 MP: 0/0
  3799 | D:5      | Reached skill level 1 in Short Blades
  3842 | D:5      | Reached skill level 3 in Dodging
  4278 | D:5      | Found the +2 ratskin cloak {*Rats rPois rN+ Str-1 Int-1
                  | Dex+1}
  4288 | D:5      | Gained mutation: You occasionally shout uncontrollably at
                  | your foes. [potion of mutation]
  4288 | D:5      | Gained mutation: Your spells are a little easier to cast,
                  | but a little less powerful. [potion of mutation]
  4288 | D:5      | Gained mutation: You have supernaturally acute eyesight.
                  | (SInv) [potion of mutation]
  4294 | D:5      | Reached skill level 4 in Dodging
  4725 | D:5      | Noticed Pikel
  4863 | D:6      | Reached skill level 5 in Dodging
  5221 | D:5      | Reached XP level 9. HP: 41/63 MP: 0/0
  5221 | D:5      | Learned a level 4 spell: Olgreb's Toxic Radiance
  5345 | D:6      | Found a burning altar of Makhleb.
  5372 | D:6      | Found a white marble altar of Elyvilon.
  5379 | D:6      | Found an opulent altar of Gozag.
  5852 | D:6      | Reached *** piety under Wu Jian
  5914 | D:6      | Found a sacrificial altar of Ru.
  6055 | D:6      | Reached skill level 6 in Dodging
  6070 | D:6      | Reached skill level 5 in Short Blades
  6084 | D:6      | Reached skill level 7 in Dodging
  6680 | D:6      | Found a glowing golden altar of the Shining One.
  6683 | D:6      | Noticed Maggie
  6868 | D:6      | Killed Maggie
  7356 | D:6      | Reached skill level 1 in Shields
  7660 | D:7      | Found a staircase to the Ecumenical Temple.
  8278 | D:7      | Reached XP level 10. HP: 50/69 MP: 0/0
  9065 | D:7      | Reached skill level 5 in Shields
  9184 | D:7      | Found a blossoming altar of Fedhas.
  9650 | D:8      | Reached **** piety under Wu Jian
 10106 | D:8      | Found a staircase to the Lair.
 10521 | D:7      | Reached skill level 5 in Fighting
 11250 | D:8      | Found a runed translucent gate.
 11250 | D:8      | Found a runed translucent gate.
 11250 | D:8      | Found a runed translucent gate.
 11253 | D:8      | Noticed mistaj's ghost (novice HOFi)
 11576 | D:9      | HP: 2/70 [unseen horror zombie (5)]
 11576 | D:9      | Slain by a centaur zombie

Illustrated notes

Levels and vault maps discovered:
D:1:      matt_arrival_spirals, layout_rooms, minmay_misc_feat_square
D:2:      layout_rooms, shapermc_ecumenical_altar_totnotflames
D:3:      layout_basic, chequers_serial_rivers_room_b, grunt_decor_junction
D:4:      nicolae_cairo_tiling_large_dashed, layout_cave_pools,
          nicolae_qazlal_eye_of_the_storm, mainiacjoe_overflow_alcove_2,
          nicolae_elevator_lobby_asterisk, uniq_menkaure, uniq_sigmund,
          uniq_robin, uniq_edmund
D:5:      wander_guarded_unrand_ratskin, layout_basic,
          kennysheep_vampire_church, uniq_pikel
D:6:      layout_loops_corners, nicolae_tso_besieged_by_evil,
          nicolae_ru_the_path_less_chosen, grunt_temple_overflow_open,
          amcnicky_mini_corridor_feature, uniq_maggie
D:7:      dreamdust_elfheim, layout_cave_pods,
          mainiacjoe_overflow_surrounded_room, minmay_temple_entry_proselytizer
D:8:      layout_cave_pools, erik_lair_orcish_takeover, enter_bailey_3,
          gammafunk_ghost_nasty_kobolds, feat_on_display
D:9:      layout_basic, lemuel_coloured_pillars_altar, david_orc_4,
          serial_undead, serial_undead_c, serial_undead_e, serial_undead_d,
          serial_undead_c, uniq_maurice

Skill      XL: |  1  2  3  4  5  6  7  8  9 10 |
---------------+-------------------------------+-----
Spellcasting   | 4 5 6 |  6.4
Fighting       | 3 4 5 |  5.5
Short Blades   | 3 6 |  6.0
Dodging        | 5 7 |  7.7
Shields        | 3 6 |  6.9
Stealth        | |  1.5

Action                     |  1- 3 |  4- 6 |  7- 9 | 10-12 || total
---------------------------+-------+-------+-------+-------++-------
  Melee: Dagger            |     5 |     8 |   162 |   122 ||   297
         Glaive            |       |     8 |       |       ||     8
         Punch             |       |       |     1 |       ||     1
  Throw: Dart              |       |       |    26 |       ||    26
         Boomerang         |       |       |    15 |     6 ||    21
         Javelin           |       |       |       |    16 ||    16
   Cast: Necrotise         |    62 |    63 |    49 |    42 ||   216
         Vampiric Draining |       |    13 |    38 |    37 ||    88
         Momentum Strike   |       |       |    10 |     3 ||    13
         Olgreb's Toxic Ra |       |       |     2 |     7 ||     9
         Animate Dead      |       |       |       |     2 ||     2
         Blink             |       |       |       |     1 ||     1
Ability: Whirlwind         |       |     5 |     9 |     2 ||    16
         Lunge             |       |     1 |     4 |     4 ||     9
         Wall Jump         |       |       |       |     1 ||     1
  Evoke: Wand              |       |       |     8 |     1 ||     9
    Use: Scroll            |       |    11 |     9 |     1 ||    21
         Potion            |       |       |     3 |     5 ||     8
 Armour: Robe              |    13 |     2 |    23 |       ||    38
         Leather armour    |       |       |    17 |    56 ||    73
         Steam dragon scal |       |       |     6 |       ||     6
  Dodge: Dodged            |    40 |    32 |   119 |   115 ||   306
  Block: Buckler           |       |       |     4 |    52 ||    56

Table legend: (Time is in decaauts)
 A = Elapsed time spent in this place.
 B = Non-inter-level travel time spent in this place.
 C = Inter-level travel time spent in this place.
 D = Time resting spent in this place.
 E = Time spent auto-exploring this place.
 F = Levels seen in this place.
 G = Mean time per level.
                   A        B        C        D        E       F      G
               +--------+--------+--------+--------+--------+-----+--------+
         Total |  11555 |  11060 |    495 |   4524 |   4290 |   9 | 1283.9 |
       Dungeon |  11555 |  11060 |    495 |   4524 |   4290 |   9 | 1283.9 |
               +--------+--------+--------+--------+--------+-----+--------+

Top non-repeatable levels by time:
     D:7: 2794 daAuts
     D:6: 2453 daAuts
     D:3: 1271 daAuts
     D:5: 1269 daAuts
     D:4: 1130 daAuts
     D:8: 988 daAuts
     D:1: 852 daAuts
     D:2: 638 daAuts
     D:9: 157 daAuts
